 Dungeon Sprint DCSS version 0.22.1-1-ga44c0e5 (webtiles) character file.

1223 Lauz the Basher (level 8, -5/83 HPs)
             Began as a Minotaur Berserker on Nov 8, 2018.
             Was an Elder of Trog.
             Slain by a demonic crawler (10 damage)
             ... in the Dungeon (Sprint I: "Red Sonja").
             The game lasted 00:02:17 (761 turns).

Lauz the Basher (Minotaur Berserker)                 Turns: 761, Time: 00:02:18

Health: -5/83      AC:  2    Str: 24    XL:     8   Next: 23%
Magic:  7/7        EV: 15    Int:  4    God:    Trog [****..]
Gold:   405        SH:  0    Dex: 10    Spells: 7/7 levels left

rFire    . . .     SeeInvis .   a - +0 mace
rCold    . . .     Gourm    .   (no shield)
rNeg     . . .     Faith    .   b - +0 animal skin
rPois    .         Spirit   .   (helmet restricted)
rElec    .         Reflect  .   (no cloak)
rCorr    .         Harm     .   (no gloves)
MR       ++...     NoTele   +   (no boots)
Stlth    +.........             (no amulet)
HPRegen  1.23/turn              (no ring)
MPRegen  0.10/turn              (no ring)

@: berserk cooldown, regenerating, slowed, very slow
A: retaliatory headbutt, horns 2
a: Berserk, Trog's Hand, Brothers in Arms, Renounce Religion


You were in the Dungeon.
You worshipped Trog.
Trog was greatly pleased with you.
You were not hungry.

You visited 1 branch You collected 405 gold pieces.

Inventory:

Hand Weapons
 a - a +0 mace (weapon)
Armour
 b - a +0 animal skin (worn)
 l - a +0 scale mail
Wands
 j - a wand of polymorph (15)
Scrolls
 i - a scroll of blinking
Potions
 d - a potion of curing
 e - a potion of heal wounds
 f - a potion of haste
 g - 2 potions of magic
 h - a potion of berserk rage
 m - a potion of invisibility {unknown}


   Skills:
 + Level 12.2 Fighting
 + Level 14.7 Maces & Flails
 + Level 6.2 Armour
 + Level 8.1 Dodging


You had 7 spell levels left.
You didn't know any spells.
Your spell library was empty.

Dungeon Overview and Level Annotations

Branches:
Dungeon (1/1)

Altars:
Cheibriados
Dithmenos
Elyvilon
Fedhas
Gozag
Hepliaklqana
Kikubaaqudgha
Makhleb
Nemelex Xobeh
Okawaru
Qazlal
Ru
Sif Muna
Trog
Uskayaw
Vehumet
Wu Jian
Xom
Yredelemnul
Zin
The Shining One
Jiyva
Lugonu

Shops:
D [


Innate Abilities, Weirdness & Mutations

You reflexively headbutt those who attack you in melee.
You have a pair of horns on your head.


Message History

Your skin crawls.
You feel resistant to hostile enchantments.
You feel somewhat more hungry. The demonic crawler hits you!
The demonic crawler barely misses you. The demonic crawler misses you. x2
The demonic crawler hits you. x3; The demonic crawler barely misses you.
The demonic crawler closely misses you. The demonic crawler hits you!
* * * LOW HITPOINT WARNING * * *
The demonic crawler misses you. The demonic crawler hits you.
* * * LOW HITPOINT WARNING * * *
You eat the ration.
That ration really hit the spot!
The demonic crawler closely misses you. The demonic crawler hits you.
* * * LOW HITPOINT WARNING * * *
The demonic crawler closely misses you. The demonic crawler misses you.
The demonic crawler hits you.
* * * LOW HITPOINT WARNING * * *
The demonic crawler hits you but does no damage.
The demonic crawler closely misses you. x2; The demonic crawler hits you.
* * * LOW HITPOINT WARNING * * *
The demonic crawler hits you!
You die...

##################
.#..'..#__#..')..#
.').#..'^.'..#).s##+#
'#####'#__####..@ss.#
.#...#)####§ #####s.+
##..##.#≈§§§ ##
_##'#_.+§≈§§
..'..._#§§§.c#
_##_.#+##+#### _###+#
##


You could see 4 demonic crawlers.

Vanquished Creatures
  2 kobold demonologists (D)
  A slime creature (D)
  Sigmund (D)
  A yak (D)
  A floating eye (D)
  An ogre (D)
  A jelly (D)
  Ijyb (D)
9 creatures vanquished.

Notes
Turn   | Place    | Note
-------+----------+-------------------------------------------
     0 | D        | Lauz the Minotaur Berserker began the quest for the Orb.
     0 | D        | Reached XP level 1. HP: 19/19 MP: 0/0
     1 | D        | Noticed Ijyb
    25 | D        | Killed Ijyb
    25 | D        | Reached skill level 5 in Fighting
    25 | D        | Reached skill level 5 in Maces & Flails
    25 | D        | Reached XP level 2. HP: 26/29 MP: 1/1
   138 | D        | Noticed an ogre
   144 | D        | Killed an ogre
   144 | D        | Reached skill level 8 in Maces & Flails
   144 | D        | Reached XP level 3. HP: 30/39 MP: 2/2
   144 | D        | Reached XP level 4. HP: 36/47 MP: 3/3
   222 | D        | Noticed Sigmund
   229 | D        | Killed Sigmund
   229 | D        | Reached ** piety under Trog
   229 | D        | Reached skill level 10 in Maces & Flails
   229 | D        | Reached skill level 5 in Armour
   229 | D        | Reached skill level 5 in Dodging
   229 | D        | Reached XP level 5. HP: 40/57 MP: 4/4
   386 | D        | Found an ornate altar of the Wu Jian Council.
   386 | D        | Found a deep blue altar of Sif Muna.
   387 | D        | Found the +12 Vampire's Tooth {vamp}
   388 | D        | Found a radiant altar of Vehumet.
   391 | D        | Reached XP level 6. HP: 56/63 MP: 5/5
   399 | D        | Noticed a centaur warrior
   417 | D        | Found Icis's Antique Armour Emporium.
   417 | D        | Found an ancient bone altar of Kikubaaqudgha.
   417 | D        | Found a hazy altar of Hepliaklqana.
   417 | D        | Found a hide-covered altar of Uskayaw.
   417 | D        | Found a basalt altar of Yredelemnul.
   417 | D        | Found an opulent altar of Gozag.
   417 | D        | Found a snail-covered altar of Cheibriados.
   417 | D        | Found a sacrificial altar of Ru.
   417 | D        | Found a shadowy altar of Dithmenos.
   417 | D        | Noticed a yak
   418 | D        | Found a stormy altar of Qazlal.
   418 | D        | Found a blossoming altar of Fedhas.
   418 | D        | Found a bloodstained altar of Trog.
   418 | D        | Found an iron altar of Okawaru.
   418 | D        | Found a glowing golden altar of the Shining One.
   418 | D        | Found a glowing silver altar of Zin.
   418 | D        | Found a white marble altar of Elyvilon.
   428 | D        | Killed a yak
   428 | D        | Reached skill level 10 in Fighting
   428 | D        | Reached skill level 11 in Maces & Flails
   429 | D        | Found a sparkling altar of Nemelex Xobeh.
   559 | D        | Found a viscous altar of Jiyva.
   559 | D        | Found a corrupted altar of Lugonu.
   559 | D        | Noticed a slime creature
   560 | D        | Found a burning altar of Makhleb.
   560 | D        | Found a shimmering altar of Xom.
   568 | D        | Killed a slime creature
   568 | D        | Reached skill level 12 in Maces & Flails
   568 | D        | Reached XP level 7. HP: 41/73 MP: 6/6
   729 | D        | Noticed a kobold demonologist
   730 | D        | Noticed a kobold demonologist
   732 | D        | Noticed a neqoxec
   735 | D        | Killed a kobold demonologist
   735 | D        | Reached *** piety under Trog
   735 | D        | Reached skill level 13 in Maces & Flails
   736 | D        | Noticed a hellwing
   738 | D        | Killed a kobold demonologist
   738 | D        | Reached skill level 14 in Maces & Flails
   738 | D        | Reached XP level 8. HP: 83/83 MP: 7/7
   740 | D        | Reached **** piety under Trog
   757 | D        | Noticed a demonic crawler
   757 | D        | Noticed a demonic crawler
   757 | D        | Noticed a demonic crawler
   757 | D        | Noticed a demonic crawler
   761 | D        | Slain by a demonic crawler

Skill      XL: |  1  2  3  4  5  6  7  8 |
---------------+-------------------------+-----
Fighting       | 5 7 9 10 12 | 12.2
Maces & Flails | 5 8 10 12 14 | 14.7
Armour         | 3 4 5 6 |  6.2
Dodging        | 3 4 5 6 7 8 |  8.1

Action                   |  1- 3 |  4- 6 |  7- 9 || total
-------------------------+-------+-------+-------++-------
Melee: Unarmed           |    15 |       |       ||    15
       Mace              |    11 |    25 |    10 ||    46
       Headbutt          |     1 |     6 |     2 ||     9
Invok: Berserk           |     1 |     1 |     1 ||     3
       Trog's Hand       |       |       |     1 ||     1
 Stab: Sleeping          |       |     1 |       ||     1
  Eat: Chunk             |       |     1 |       ||     1
       Ration            |       |       |     1 ||     1
Armor: Animal skin       |     1 |     1 |     1 ||     3
Dodge: Dodged            |    12 |     9 |    16 ||    37
